 Dungeon Crawl Stone Soup version 0.31-a0-1626-g5cb510d322 (webtiles) character file.

Game seed: 855109044107223282

2023 Ivernyr the Blocker (level 9, -3/72 HPs)
             Began as a Formicid Fighter on Jan 12, 2024.
             Was a Believer of Zin.
             Slain by a two-headed ogre
             ... wielding a +0 great mace
              (11 damage)
             ... on level 10 of the Dungeon.
             The game lasted 00:13:04 (5110 turns).

Ivernyr the Blocker (Formicid Fighter)              Turns: 5110, Time: 00:13:04

Health: -3/72      AC:  9    Str: 31    XL:     9   Next: 47%
Magic:  11/11      EV: 10    Int:  8    God:    Zin [**....]
Gold:   280        SH:  6    Dex: 13    Spells: 8/8 levels left

rFire   . . .        a - +0 quarterstaff
rCold   . . .        c - +0 buckler
rNeg    . . .        b - +0 scale mail
rPois   .            (helmet unavailable)
rElec   .            (no cloak)
rCorr   .            (no gloves)
SInv    +            v - +0 pair of boots
Will    +....        n - amulet of regeneration Stlth
                     g - +6 ring of strength
HPRegen 1.12/turn    u - ring of willpower
MPRegen 0.12/turn

%: no passive effects
@: no status effects
A: permanent stasis, dig shafts and tunnels, antennae 3, four strong arms
a: Dig, Shaft Self, Renounce Religion, Recite, Vitalisation, Donate Gold


You were on level 10 of the Dungeon.
You worshipped Zin.
Zin was pleased with you.
You visited 2 branches of the dungeon, and saw 9 of its levels.

You collected 311 gold pieces.
You donated 31 gold pieces to Zin.

Inventory:

Hand Weapons
 a - a +0 quarterstaff (weapon)
Armour
 b - a +0 scale mail (worn)
 c - a +0 buckler (worn)
 v - a +0 pair of boots (worn)
Jewellery
 f - a ring of positive energy
 g - a +6 ring of strength (left hand)
 n - an amulet of regeneration (around neck)
 u - a ring of willpower (right hand)
 x - a ring of poison resistance
Wands
 s - a wand of quicksilver (10)
 z - a wand of roots (8)
 C - a wand of flame (1)
 D - a wand of paralysis (5)
Scrolls
 e - a scroll of revelation {unknown}
 i - 2 scrolls of vulnerability {unknown}
 k - 3 scrolls of teleportation {unknown}
 l - 9 scrolls of identify {unknown}
 m - a scroll of poison {unknown}
 o - a scroll of noise {unknown}
 p - 2 scrolls of enchant armour {unknown}
 q - a scroll of amnesia {unknown}
 r - a scroll of fear {unknown}
 y - a scroll of immolation {unknown}
Potions
 d - a potion of haste {unknown}
 h - 3 potions of curing {unknown}
 j - 3 potions of resistance
 t - a potion of heal wounds {unknown}
 A - a potion of attraction {unknown}
 B - a potion of mutation {unknown}
 E - a potion of enlightenment {unknown}


   Skills:
 + Level 7.0 Fighting
 + Level 5.9 Staves
 + Level 7.0 Armour
 + Level 8.4 Shields
 + Level 3.8 Invocations


You had 8 spell levels left.
You didn't know any spells.
Your spell library was empty.

Dungeon Overview and Level Annotations

Branches:
Dungeon (7/15)             Temple (1/1) D:5

Altars:
Ashenzari
Cheibriados
Dithmenos
Elyvilon
Fedhas
Gozag
Kikubaaqudgha
Makhleb
Okawaru
Qazlal
Sif Muna
Uskayaw
Vehumet
Wu Jian
Xom
Zin
The Shining One

Shops:
D:5 [

Annotations:
D:7 Joseph


Innate Abilities, Weirdness & Mutations

You cannot be hasted, slowed, berserked, paralysed or teleported.
You can dig through walls and to a lower floor.
You have a pair of large antennae on your head. (SInv)
Your four strong arms can wield two-handed weapons with a shield.


Message History

The howler monkey hits you but does no damage.
You closely miss the howler monkey.
The howler monkey is lightly wounded.
The howler monkey completely misses you.
You barely miss the howler monkey.
The howler monkey is lightly wounded.
The howler monkey hoots and howls with incredible vigour!
You closely miss the howler monkey.
The howler monkey is lightly wounded.
You block the howler monkey's attack.
You barely miss the howler monkey.
The howler monkey is lightly wounded.
The howler monkey closely misses you.
You completely miss the howler monkey.
The howler monkey is lightly wounded.
The howler monkey hits you. You block the howler monkey's attack.
You thump the howler monkey!
The howler monkey is heavily wounded.
You sock the two-headed ogre!
The two-headed ogre is lightly wounded.
You sock the two-headed ogre!
The two-headed ogre is moderately wounded.
The two-headed ogre barely misses you. The two-headed ogre closely misses you.
You completely miss the two-headed ogre.
The two-headed ogre is moderately wounded.
The two-headed ogre barely misses you.
The two-headed ogre hits you with a +0 giant club!!
You barely miss the two-headed ogre.
The two-headed ogre is moderately wounded.
You hit the two-headed ogre.
The two-headed ogre is moderately wounded.
The two-headed ogre hits you with a +0 great mace.
The two-headed ogre hits you with a +0 giant club!!
* * * LOW HITPOINT WARNING * * *
You thump the two-headed ogre!
The two-headed ogre is heavily wounded.
The two-headed ogre hits you with a +0 great mace!
* * * LOW HITPOINT WARNING * * *
The two-headed ogre hits you with a +0 giant club!
You die...

#.
#...#.......#..#
.
#.#...#####...##
#.##.##.## ##.##
#.#..####### ###
#........... >##
###.###.....
....##......####
.......#.########
.......?.hO@....#
....##..######..#
........., #
..../.....
....#......
....##...... ###
#......c
#|.......


You could see a two-headed ogre and a howler monkey.

Vanquished Creatures
  Grinder (D:6)
  A wraith (D:10)
  Eustachio (D:6)
  An ice beast (D:7)
  A black bear (D:4)
  2 ogres
  A centaur (D:10)
  2 phantoms (D:5)
  Blork the orc (D:4)
  A bullfrog (D:6)
  A scorpion (D:5)
  5 howler monkeys (D:10)
  A crimson imp (D:6)
  3 hounds
  A jelly (D:6)
  A sleepcap (D:5)
  4 iguanas
  2 orc wizards
  12 adders
  2 white imps (D:5)
  2 dart slugs
  4 ribbon worms
  18 orcs
  7 ball pythons
  3 bats
  5 endoplasms
  4 giant cockroaches
  8 goblins
  7 hobgoblins
  5 kobolds
  4 quokkas
  6 frilled lizards
  8 rats
125 creatures vanquished.

Vanquished Creatures (others)
  An orc wizard (D:4)
1 creature vanquished.

Grand Total: 126 creatures vanquished

Notes
Turn   | Place    | Note
-------+----------+-------------------------------------------
     0 | D:1      | Ivernyr the Formicid Fighter began the quest for the Orb.
     0 | D:1      | Reached XP level 1. HP: 18/18 MP: 1/1
    87 | D:1      | Reached XP level 2. HP: 22/24 MP: 2/2
   428 | D:1      | Found a faded altar of an unknown god.
   748 | D:2      | Reached XP level 3. HP: 29/29 MP: 3/3
  1154 | D:2      | Reached XP level 4. HP: 37/37 MP: 4/4
  2059 | D:3      | Found a stormy altar of Qazlal.
  2386 | D:3      | Reached XP level 5. HP: 32/42 MP: 5/5
  2450 | D:4      | Noticed a black bear
  2456 | D:4      | Killed a black bear
  2457 | D:4      | Reached skill level 5 in Shields
  2457 | D:4      | Reached XP level 6. HP: 41/49 MP: 6/6
  2717 | D:4      | Noticed Blork the orc
  2746 | D:4      | Killed Blork the orc
  2839 | D:4      | Reached XP level 7. HP: 55/55 MP: 7/7
  2853 | D:4      | Found a snail-covered altar of Cheibriados.
  2973 | D:4      | Reached skill level 5 in Armour
  3285 | D:4      | Reached skill level 5 in Fighting
  3450 | D:5      | Entered Level 5 of the Dungeon
  3465 | D:5      | Found Hugoyb's Armour Emporium.
  3485 | D:5      | Reached skill level 6 in Shields
  3661 | D:5      | Reached XP level 8. HP: 59/63 MP: 8/8
  3858 | D:5      | Reached skill level 7 in Shields
  3931 | D:5      | Found a shimmering blue altar of Sif Muna.
  3957 | D:5      | Found a staircase to the Ecumenical Temple.
  4077 | Temple   | Entered the Ecumenical Temple
  4092 | Temple   | Became a worshipper of Zin the Law-Giver
  4092 | Temple   | Reached * piety under Zin
  4206 | D:6      | Found an ornate altar of the Wu Jian Council.
  4375 | D:6      | Reached skill level 1 in Invocations
  4404 | D:6      | Reached skill level 5 in Staves
  4434 | D:6      | Found a radiant altar of Vehumet.
  4434 | D:6      | Found a burning altar of Makhleb.
  4583 | D:6      | Reached ** piety under Zin
  4605 | D:6      | Noticed Eustachio
  4636 | D:6      | Killed Eustachio
  4799 | D:6      | Noticed Grinder
  4817 | D:6      | Killed Grinder
  4818 | D:6      | Reached XP level 9. HP: 32/71 MP: 9/11
  4891 | D:7      | Reached skill level 8 in Shields
  4927 | D:7      | Noticed Joseph
  4933 | D:7      | You fall into a shaft and drop 3 floors!
  4933 | D:10     | Entered Level 10 of the Dungeon
  5098 | D:10     | Noticed a two-headed ogre
  5110 | D:10     | Slain by a two-headed ogre

Illustrated notes

Levels and vault maps discovered:
D:1:      pf_arrival_petrified_forest, layout_loops_ring,
          ebering_ecumenical_altar_hall
D:2:      layout_basic, minmay_distorted
D:3:      layout_rooms, grunt_qazlal_sundering, serial_bayou_lake_a
D:4:      layout_basic, nicolae_overflow_crystal_walls, uniq_blork_the_orc
D:5:      layout_rooms, lemuel_blue_sif_altar, lemuel_temple_firewalk_b,
          serial_shops, nicolae_square_shop, st_stairs_3
D:6:      layout_basic, grunt_temple_overflow_lords_of_destruction,
          nicolae_wu_jian_glorious_leap, uniq_grinder, uniq_eustachio
D:7:      layout_basic, uniq_joseph
D:10:     layout_rooms, mainiacjoe_overflow_alcove_2, serial_shops,
          nicolae_take_the_stairs, minmay_misc_feat_tower
Temple:   hellmonk_temple_of_storms

Skill      XL: |  1  2  3  4  5  6  7  8  9 |
---------------+----------------------------+-----
Armour         | 4 5 6 7 |  7.0
Fighting       | 4 5 6 7 |  7.0
Staves         | 3 4 5 |  5.9
Shields        | 5 6 7 8 |  8.4
Invocations    | 2 3 |  3.8

Action                     |  1- 3 |  4- 6 |  7- 9 || total
---------------------------+-------+-------+-------++-------
  Melee: Quarterstaff      |    81 |   133 |   264 ||   478
 Invoke: Recite            |       |       |     1 ||     1
Ability: Dig               |       |       |     1 ||     1
         Shaft Self        |       |       |     1 ||     1
    Use: Potion            |       |       |     2 ||     2
 Armour: Scale mail        |    45 |   105 |   198 ||   348
  Dodge: Dodged            |    31 |    70 |   125 ||   226
  Block: Buckler           |    20 |    35 |    78 ||   133

Table legend: (Time is in decaauts)
 A = Elapsed time spent in this place.
 B = Non-inter-level travel time spent in this place.
 C = Inter-level travel time spent in this place.
 D = Time resting spent in this place.
 E = Time spent auto-exploring this place.
 F = Levels seen in this place.
 G = Mean time per level.
                   A        B        C        D        E       F      G
               +--------+--------+--------+--------+--------+-----+--------+
         Total |   5181 |   4966 |    215 |    474 |   3342 |   9 |  575.7 |
       Dungeon |   5150 |   4935 |    215 |    474 |   3342 |   8 |  643.8 |
        Temple |     30 |     30 |      0 |      0 |      0 |   1 |   30.0 |
               +--------+--------+--------+--------+--------+-----+--------+

Top non-repeatable levels by time:
     D:4: 1045 daAuts
     D:2: 900 daAuts
     D:3: 819 daAuts
     D:1: 738 daAuts
     D:6: 715 daAuts
     D:5: 691 daAuts
    D:10: 178 daAuts
     D:7: 60 daAuts
  Temple: 30 daAuts
